 Dungeon Crawl Stone Soup version 0.27.1-1-g398f81649c (webtiles) character file.

Game seed: 12770341391991804670

187 Descartes the Ducker (level 5, -11/24 HPs)
             Began as a Felid Monk on Sept 12, 2021.
             Mangled by a yak (18 damage)
             ... on level 4 of the Dungeon.
             The game lasted 00:06:24 (3980 turns).

Descartes the Ducker (Felid Monk)                   Turns: 3980, Time: 00:06:25

Health: -11/24     AC:  1    Str:  8    XL:     5   Next: 39%
Magic:  6/6        EV: 20    Int: 12    God:
Gold:   86         SH:  0    Dex: 18    Spells: 4/4 levels left
                                        Lives:  0   Deaths: 1

rFire    . . .     SeeInvis +     - Unarmed
rCold    . . .     Faith    .   (shield unavailable)
rNeg     . . .     Spirit   .   (armour unavailable)
rPois    .         Reflect  .   (helmet unavailable)
rElec    .         Harm     .   (cloak unavailable)
rCorr    .         Rampage  .   (gloves unavailable)
Will     .....                  (boots unavailable)
Stlth    +++.......             (no amulet)
HPRegen  0.08/turn              (no ring)
MPRegen  0.10/turn              (no ring)

@: quick
A: very small, claws 1, fangs 3, see invisible, speed 1, shaggy fur 1, stealthy
paws, no weapons or thrown items, no armour, multi-lived
a: no special abilities


You were on level 4 of the Dungeon.
You visited 1 branch of the dungeon, and saw 5 of its levels.

You collected 136 gold pieces.
You spent 50 gold pieces at shops.

Inventory:

Missiles
 h - 50 stones
Scrolls
 b - a scroll of immolation {unknown}
 c - a scroll of enchant weapon {unknown}
 d - 3 scrolls of amnesia
 g - a scroll of identify {unknown}
 j - a scroll of vulnerability {unknown}
Potions
 a - 2 potions of flight {unknown}
 f - 3 potions of curing {unknown}
 i - a potion of brilliance {unknown}
 k - a potion of resistance {unknown}
 l - a potion of ambrosia {unknown}


   Skills:
 - Level 3.0 Fighting
 + Level 5.4 Dodging
 + Level 4.7 Stealth
 + Level 4.1 Unarmed Combat
 + Level 2.7 Hexes
 + Level 2.7 Translocations


You had 4 spell levels left.
You didn't know any spells.
Your spell library contained the following spells:

 Spells                   Type           Power      Damage    Failure   Level
 Foxfire                  Conj/Fire      0%         2x1d4     32%         1
 Gell's Gravitas          Tloc           3%         N/A       32%         3
 Lesser Beckoning         Tloc           3%         N/A       32%         3
 Teleport Other           Tloc           6%         N/A       32%         3
 Static Discharge         Conj/Air       0%         N/A       45%         2
 Inner Flame              Hex/Fire       3%         N/A       50%         3
 Cause Fear               Hex            3%         N/A       71%         4
 Dispel Undead            Necr           0%         3d6       97%         4
 Sticky Flame             Conj/Fire      0%         2d3       97%         4
 Discord                  Hex            3%         N/A       100%        8


Dungeon Overview and Level Annotations

Branches:
Dungeon (5/15)
 Temple: D:4-7

Altars:
Kikubaaqudgha
Sif Muna
Trog

Shops:
D:1 !

Annotations:
D:2 Terence
D:3 1 runed translucent door, Crazy Yiuf


Innate Abilities, Weirdness & Mutations

You have sharp claws.
You have razor-sharp teeth.
You have supernaturally acute eyesight. (SInv)
You cover ground quickly. (Speed+)
You are covered in fur. (AC +1)
Your paws help you pounce on unaware monsters.
You are incapable of wielding weapons or throwing items.
You cannot wear armour.
You gain extra lives every three experience levels.


Message History

The yak is lightly wounded.
The yak completely misses you.
You scratch the yak.
The yak is moderately wounded.
The yak misses you.
You scratch the yak but do no damage.
The yak is moderately wounded.
The yak gores you.
You scratch the yak but do no damage.
The yak is moderately wounded.
The yak barely misses you.
You barely miss the yak. You bite the yak.
The yak is moderately wounded.
The yak barely misses you.
You closely miss the yak.
The yak is moderately wounded.
You scratch the yak but do no damage.
The yak is moderately wounded.
The yak misses you.
You barely miss the yak.
The yak is moderately wounded.
The yak gores you!
* * * LOW HITPOINT WARNING * * *
You feel much better. The yak closely misses you.
You closely miss the yak.
The yak is moderately wounded.
The yak barely misses you.
You claw the yak! Your claw misses the yak.
The yak is heavily wounded.
The yak gores you!
Ouch! That really hurt!
* * * LOW HITPOINT WARNING * * *
You scratch the yak.
The yak is severely wounded.
The yak closely misses you.
You barely miss the yak.
The yak is severely wounded.
The yak gores you!!
Ouch! That really hurt!
You die...

# ##...######.## #
#..W#+ # # #..... # ..
.... . ... ..### # #.#.#
####.# #.#.# #....#
#...###@#
#...##.#..Y#######
#..#.#......[.....# #.#.
#.#............# # #.#
#.#.........)..# # #.#
#.##...........# #
#.####.##...........#
####...##........#######
.....#.##........#


You could see a yak.

Vanquished Creatures
  A hound (D:2)
  Natasha (thrice) (D:2)
  An orc wizard (D:4)
  A gnoll (D:3)
  2 adders (D:2)
  A white imp (D:3)
  An ufetubus (D:5)
  2 worms
  4 dart slugs
  3 orcs
  2 endoplasms (D:2)
  3 giant cockroaches
  3 goblins
  3 hobgoblins
  6 kobolds
  A quokka (D:3)
  5 ball pythons
  3 bats
  3 rats
48 creatures vanquished.

Vanquished Creatures (others)
  A human (D:4)
  A fungus (D:3)
2 creatures vanquished.

Grand Total: 50 creatures vanquished

Notes
Turn   | Place    | Note
-------+----------+-------------------------------------------
     0 | D:1      | Descartes the Felid Monk began the quest for the Orb.
     0 | D:1      | Reached XP level 1. HP: 10/10 MP: 2/2
   224 | D:1      | Found a faded altar of an unknown god.
   282 | D:1      | Reached XP level 2. HP: 11/14 MP: 3/3
   441 | D:1      | Found Ceinih's Distillery.
   445 | D:1      | Bought a potion of heal wounds for 50 gold pieces
   928 | D:2      | Reached XP level 3. HP: 17/17 MP: 4/4
  1424 | D:2      | Noticed Natasha
  1434 | D:2      | Killed Natasha
  1435 | D:2      | Reached skill level 1 in Hexes
  1435 | D:2      | Reached skill level 1 in Translocations
  1435 | D:2      | Reached XP level 4. HP: 14/21 MP: 5/5
  1622 | D:3      | Noticed Terence
  1636 | D:2      | Slain by a hobgoblin
  1637 | D:2      | Reached XP level 3. HP: -2/17 MP: 4/4
  1655 | D:2      | Reached skill level 5 in Dodging
  1962 | D:2      | Noticed Natasha
  1979 | D:2      | Killed Natasha
  1980 | D:2      | Reached XP level 4. HP: 13/21 MP: 5/5
  2105 | D:2      | Noticed Natasha
  2117 | D:2      | Killed Natasha
  2767 | D:3      | Found a shimmering blue altar of Sif Muna.
  2971 | D:4      | Found an ancient bone altar of Kikubaaqudgha.
  2971 | D:4      | Noticed a human
  2981 | D:4      | Killed a human
  2989 | D:4      | Reached XP level 5. HP: 10/24 MP: 6/6
  3288 | D:4      | Noticed a phantom
  3525 | D:3      | Got Sif Muna's Papyrus of Flames
  3530 | D:3      | Found a bloodstained altar of Trog.
  3621 | D:3      | Found a runed translucent door.
  3622 | D:3      | Noticed Crazy Yiuf
  3779 | D:5      | Entered Level 5 of the Dungeon
  3940 | D:5      | Noticed a yak
  3950 | D:5      | Noticed a yak
  3950 | D:5      | Noticed a yak
  3951 | D:5      | Noticed a yak
  3980 | D:4      | Mangled by a yak

Illustrated notes

Levels and vault maps discovered:
D:1:      lemuel_arrival_room, layout_basic, chequers_ecumenical_altar_grove,
          serial_shops, shop
D:2:      layout_basic, uniq_natasha
D:3:      layout_rooms, nzn_overflow_gifts_of_might_and_magic, uniq_terence,
          uniq_crazy_yiuf_cottage
D:4:      layout_basic, tgw_kikubaaqudgha, serial_shops, nicolae_shop_stone,
          gammafunk_ghost_grave
D:5:      cheibrodos_iron_armory, layout_basic, serial_shops,
          nicolae_shop_trees, grunt_ministairs_5

Skill      XL: |  1  2  3  4 |
---------------+-------------+-----
Stealth        | 3 4 |  4.7
Hexes          | 2 |  2.7
Translocations | 2 |  2.7
Dodging        | 5 |  5.4
Unarmed Combat | 4 |  4.1
Fighting       | |  3.0

Action                   |  1- 3 |  4- 6 || total
-------------------------+-------+-------++-------
Melee: Unarmed           |    82 |   119 ||   201
       Bite              |     5 |     9 ||    14
       Punch             |       |     3 ||     3
  Use: Potion            |     1 |     1 ||     2
       Scroll            |       |     2 ||     2
 Stab: Sleeping          |    11 |     4 ||    15
Armor: Skin              |       |     7 ||     7
Dodge: Dodged            |    63 |   146 ||   209
